Map: Frost LE

Players

ZasT - Winner!

  • Race: Zerg Zerg
  • League: Platinum

blackxored

  • Race: Zerg Zerg
  • League: Diamond

VOD

Have the link to the VOD?

Description

Time

  • Played on: June 30, 2016, 5:06 p.m.
  • Length: 22:40
Show
View Real Time Build Order
Export as new Build Order

ZasT Zerg - Winner!

Build Orders: Hatch First 

Get SALT Encoding   

  12  0:01  Drone  
  13  0:08  Drone  
  14  0:16  Overlord  
  14  0:35  Drone x3  
  17  0:53  Hatchery  
  17  0:55  Drone  
  17  0:59  Extractor  
  17  1:00  Drone  
  17  1:16  Spawning Pool  
  16  1:18  Drone  
  16  1:23  Drone  
  18  1:28  Drone  
  20  1:40  Drone  
  20  1:50  Drone  
  21  2:05  Queen  
  21  2:06  Queen  
  25  2:09  Metabolic Boost  
  25  2:16  Overlord  
  25  2:20  Zergling x2  
  26  2:23  Drone  
  26  2:26  Drone  
  28  2:35  Zergling x2  
  28  2:36  Zergling x4  
  31  2:38  Zergling x2  
  32  2:47  Zergling x2  
  33  2:51  Zergling x2  
  33  2:52  Baneling Nest  
  33  2:56  Zergling x2  
  34  3:00  Zergling x2  
  34  3:05  Overlord  
  35  3:10  Zergling x2  
  36  3:24  Drone x4  
  36  3:25  Drone  
  41  3:27  Drone x2  
  41  3:32  Drone  
  44  3:39  Overlord  
  44  3:45  Drone  
  42  3:50  Baneling x2, Drone  
  42  3:51  Baneling  
  42  3:54  Drone  
  42  3:56  Drone x2  
  42  3:58  Zergling x4  
  42  3:59  Zergling x4  
  42  4:02  Zergling x2  
  47  4:10  Zergling x2  
  47  4:15  Zergling x2  
  46  4:20  Zergling x2  
  47  4:26  Baneling x2  
  47  4:27  Roach Warren, Baneling x2  
  47  4:31  Drone x2  
  47  4:32  Drone  
  49  4:40  Hatchery  
  49  4:41  Drone  
  49  4:45  Drone x3  
  51  4:51  Drone x2  
  51  4:52  Drone  
  52  4:57  Overlord x2  
  52  5:11  Extractor  
  52  5:12  Zergling x2  
  52  5:13  Extractor  
  51  5:14  Queen  
  51  5:16  Drone  
  51  5:17  Evolution Chamber  
  51  5:18  Lair  
  51  5:19  Overlord x2, Evolution Chamber  
  52  5:21  Overlord  
  52  5:29  Zergling x2  
  52  5:34  Zergling x2  
  54  5:39  Drone  
  55  5:43  Zerg Melee Weapons Level 1  
  55  5:44  Zerg Ground Armor Level 1  
  55  5:47  Extractor  
  55  5:49  Drone x2  
  56  5:51  Zergling x4  
  57  5:57  Zergling x4  
  57  5:59  Roach x2  
  57  6:00  Roach x2  
  57  6:12  Zergling x2  
  57  6:16  Zergling x2  
  57  6:17  Zergling x4  
  56  6:22  Zergling x2  
  56  6:23  Zergling x2  
  58  6:25  Zergling x2  
  58  6:29  Zergling x2  
  58  6:31  Zergling x2  
  61  6:33  Baneling x3  
  61  6:48  Drone x3  
  61  6:49  Drone x2  
  61  6:53  Hatchery  
  65  6:58  Drone  
  65  6:59  Drone x3  
  69  7:02  Drone  
  69  7:08  Overlord  
  69  7:18  Hatchery  
  69  7:20  Zergling x4  
  70  7:24  Glial Reconstitution  
  70  7:26  Roach x4  
  70  7:28  Infestation Pit  
  77  7:55  Drone x3  
  77  7:56  Drone x7  
  77  7:57  Drone  
  88  7:58  Drone  
  87  8:08  Drone x2  
  87  8:12  Hatchery, Overseer  
  82  8:21  Spore Crawler  
  82  8:23  Spore Crawler  
  80  8:27  Spore Crawler  
  80  8:33  Spore Crawler  
  80  8:34  Spore Crawler  
  75  8:39  Queen  
  75  8:40  Zergling x2  
  75  8:41  Zergling x10  
  81  8:44  Overseer  
  81  8:45  Spore Crawler  
  80  8:49  Overlord x2  
  80  8:51  Zergling x2  
  80  8:53  Spore Crawler  
  80  8:54  Zergling x8  
  80  8:55  Spore Crawler  
  81  9:04  Zergling x2  
  81  9:05  Zergling x6  
  85  9:19  Drone  
  86  9:28  Zergling x4  
  86  9:29  Zergling x12  
  83  9:36  Zergling x6  
  80  9:41  Zergling x2  
  80  9:42  Zergling x2  
  73  9:46  Zergling x2  
  69  9:56  Baneling x2  
  69  9:57  Zergling x2, Baneling  
  69  9:58  Zergling x8  
  74  10:08  Zergling x2  
  74  10:09  Zergling x4  
  77  10:15  Zergling x6, Hatchery  
  77  10:18  Zerg Melee Weapons Level 2  
  79  10:23  Zerg Ground Armor Level 2  
  76  10:28  Zergling x2  
  76  10:31  Zergling x4  
  76  10:32  Zergling x14  
  76  10:34  Zergling x2  
  81  10:38  Zergling x2  
  74  10:45  Zergling x2  
  74  10:46  Zergling x2  
  74  10:48  Zergling x2  
  77  10:56  Zergling x8  
  74  11:04  Hive  
  74  11:05  Zergling x2  
  74  11:06  Zergling x8  
  79  11:18  Zergling x2  
  79  11:19  Zergling x4  
  79  11:21  Baneling x5  
  79  11:22  Baneling  
  82  11:28  Drone x4  
  82  11:31  Drone  
  82  11:32  Drone  
  88  11:38  Drone  
  87  11:40  Drone x2  
  87  11:41  Drone x3  
  87  11:42  Drone x2  
  87  11:43  Drone x2  
  87  11:46  Queen  
  98  11:48  Spore Crawler  
  98  11:49  Spore Crawler  
  98  11:51  Zergling x2  
  98  11:52  Zergling x4  
  88  12:05  Zergling x2  
  88  12:06  Zergling x14  
  91  12:11  Zergling x4  
  91  12:13  Zergling x2  
  90  12:16  Zergling x2  
  90  12:17  Zergling x4  
  90  12:21  Zergling x2  
  90  12:22  Zergling x2  
  90  12:28  Zergling x4  
  90  12:38  Baneling x3  
  90  12:39  Zergling x6  
  90  12:40  Zergling x2  
  94  12:49  Zerg Melee Weapons Level 3  
  94  12:50  Zerg Ground Armor Level 3  
  94  12:54  Zergling x2, Ultralisk Cavern  
  94  12:55  Zergling x16  
  94  12:57  Overlord x2  
  101  13:01  Hatchery  
  97  13:11  Zergling x2  
  97  13:12  Zergling x14  
  87  13:18  Extractor  
  86  13:41  Ultralisk x5  
  116  13:49  Drone x6  
  116  13:50  Drone  
  123  14:08  Ultralisk x2  
  130  14:22  Spore Crawler  
  130  14:23  Ultralisk  
  117  14:24  Spore Crawler x2  
  108  14:35  Zergling x12  
  108  14:36  Zergling x2  
  111  14:46  Zergling x2  
  111  14:47  Zergling x12  
  111  14:52  Zergling x8  
  122  14:58  Zergling x2  
  122  14:59  Zergling x4  
  125  15:00  Zergling x2  
  125  15:01  Zergling x4  
  97  15:12  Zergling x2  
  97  15:13  Zergling x14  
  104  15:20  Zergling x8  
  102  15:25  Zergling x6  
  82  15:31  Zergling x2  
  82  15:32  Zergling x2  
  76  15:38  Queen  
  76  15:41  Zergling x6  
  76  15:54  Zergling x10  
  79  16:00  Overlord x2  
  76  16:05  Zergling x4  
  76  16:10  Spore Crawler  
  68  16:13  Spore Crawler  
  68  16:14  Zergling x20  
  73  16:18  Zergling x2  
  67  16:31  Zergling x6  
  67  16:32  Zergling x2  
  69  16:45  Zergling x8  
  69  16:46  Zergling x2  
  68  16:48  Zergling x2  
  65  16:54  Zergling x2  
  65  16:55  Zergling x4  
  65  17:01  Zergling x2  
  68  17:03  Zergling x2  
  68  17:08  Zergling x4  
  64  17:14  Zergling x4  
  63  17:16  Drone  
  61  17:50  Zergling x2  
  61  17:51  Zergling x8  
  64  17:54  Hatchery  
  64  17:58  Zergling x6  
  55  18:07  Zergling x6  
  53  18:19  Spore Crawler  
  52  18:21  Spore Crawler  
  52  18:22  Zergling x6  
  50  18:38  Zergling x12  
  53  18:49  Zergling x2  
  53  18:50  Zergling x6  
  56  19:02  Zergling x6  
  59  19:03  Zergling x2  
  61  19:10  Zergling x4  
  61  19:14  Spore Crawler  
  61  19:19  Zergling x2  
  61  19:20  Zergling x2  
  49  19:27  Zergling x2  
  49  19:28  Zergling x6  
  51  19:35  Spore Crawler x2  
  51  19:37  Queen  
  51  19:40  Zergling x2  
  44  20:02  Zergling x8  
  44  20:03  Zergling x10  
  47  20:10  Zergling x2  
  47  20:11  Zergling x4  
  47  20:13  Zergling x2  
  51  20:22  Zergling x2  
  51  20:23  Zergling x4  
  54  20:29  Zergling x2  
  54  20:30  Zergling x2  
  54  20:34  Zergling x2  
  43  20:45  Zergling x2  
  43  20:46  Zergling x4  
  46  20:52  Spore Crawler  
  44  21:08  Zergling x10  
  45  21:12  Zergling x2  
  42  21:35  Hatchery  
  41  21:42  Zergling x2  
  41  21:43  Zergling x6  
  45  21:51  Spore Crawler  
  40  21:58  Zergling x4  
  37  22:06  Zergling x2  
  36  22:12  Zergling x12  
Show
View Real Time Build Order
Export as new Build Order

blackxored Zerg 

Build Orders: Hatch First, Zergling Baneling 

Get SALT Encoding   

  12  0:01  Drone  
  13  0:08  Drone  
  14  0:16  Overlord  
  14  0:21  Extractor  
  14  0:23  Drone  
  15  0:36  Drone x2  
  17  0:54  Hatchery  
  17  0:56  Drone  
  17  0:59  Drone  
  18  1:11  Extractor  
  17  1:15  Spawning Pool  
  17  1:17  Drone  
  17  1:21  Drone  
  18  1:27  Drone  
  19  1:42  Overlord  
  19  1:52  Drone  
  20  2:02  Zergling x2, Queen  
  20  2:05  Queen  
  20  2:06  Zergling x2  
  26  2:10  Zergling x2  
  26  2:12  Spine Crawler  
  26  2:16  Metabolic Boost  
  26  2:25  Zergling x4  
  26  2:29  Drone  
  29  2:47  Baneling Nest  
  28  2:56  Drone  
  29  3:05  Drone  
  29  3:09  Hatchery  
  28  3:25  Drone x6  
  28  3:26  Drone  
  35  3:29  Overlord  
  35  3:34  Zergling x2  
  36  3:45  Zergling x2  
  34  3:52  Zergling x12  
  36  4:04  Zergling x8  
  36  4:06  Baneling x2  
  36  4:09  Zergling x2  
  41  4:14  Zergling x2  
  41  4:15  Zergling x2  
  37  4:18  Baneling x3  
  37  4:32  Zergling x6  
  37  4:33  Zergling x2  
  37  4:36  Baneling  
  37  4:37  Baneling  
  41  4:39  Drone  
  41  4:41  Drone  
  41  4:43  Drone  
  44  4:51  Zergling x6  
  46  4:57  Baneling x3  
  46  4:59  Lair  
  46  5:03  Drone  
  46  5:04  Drone  
  48  5:09  Queen  
  50  5:18  Overlord  
  50  5:21  Extractor  
  50  5:23  Extractor  
  50  5:24  Extractor  
  47  5:41  Zergling x12  
  47  5:42  Zergling x6  
  51  6:16  Overseer  
  51  6:17  Baneling  
  51  6:18  Baneling x4  
  48  6:28  Drone x3  
  48  6:29  Spire  
  48  6:30  Drone x8  
  57  6:43  Overlord x2  
  57  6:59  Overlord x3  
  57  7:00  Queen x2  
  61  7:08  Zergling x10  
  65  7:18  Drone x3  
  65  7:20  Drone x2  
  69  7:42  Mutalisk x3  
  69  7:43  Mutalisk x4  
  81  7:50  Baneling x2  
  81  7:51  Baneling x2  
  81  7:54  Zergling x10  
  79  8:10  Mutalisk x2  
  80  8:20  Mutalisk  
  82  8:31  Mutalisk  
  84  8:36  Drone x13  
  84  8:39  Extractor  
  84  8:41  Extractor  
  95  8:45  Drone  
  95  8:46  Drone  
  95  8:48  Drone  
  98  8:53  Overlord  
  98  9:05  Overlord x2  
  98  9:09  Baneling x4  
  98  9:15  Zergling x12  
  98  9:16  Zergling x4  
  104  9:25  Zergling x2  
  104  9:26  Zergling x10  
  96  9:41  Drone x3  
  89  9:52  Drone x2  
  88  9:54  Drone x2  
  88  9:55  Drone x2  
  92  10:03  Mutalisk x2  
  96  10:14  Infestation Pit  
  96  10:15  Drone  
  96  10:16  Drone x3  
  96  10:20  Baneling x4  
  98  10:33  Hatchery  
  86  10:36  Drone x5  
  86  10:37  Drone x3  
  86  10:42  Baneling x3  
  85  10:44  Drone x2  
  85  10:45  Drone x3  
  90  10:55  Drone x6  
  94  11:03  Zergling x6  
  94  11:04  Zergling x2  
  98  11:07  Baneling  
  98  11:09  Hive  
  98  11:11  Queen  
  100  11:14  Spine Crawler  
  100  11:15  Spine Crawler  
  100  11:17  Spine Crawler  
  97  11:19  Spine Crawler  
  97  11:25  Overlord  
  96  11:26  Overlord  
  96  11:27  Overlord  
  96  11:42  Mutalisk  
  96  11:43  Mutalisk x3  
  96  11:46  Queen  
  103  12:04  Zergling x28  
  103  12:05  Zergling x2  
  109  12:17  Queen  
  109  12:20  Queen  
  111  12:23  Overseer  
  111  12:25  Baneling x3  
  111  12:26  Baneling  
  111  12:36  Baneling  
  111  12:37  Baneling x3  
  111  12:38  Baneling x2  
  111  12:45  Drone x5  
  116  12:54  Drone  
  116  13:06  Ultralisk Cavern  
  116  13:12  Mutalisk x7  
  122  13:20  Overlord  
  122  13:31  Extractor  
  122  13:32  Extractor  
  120  13:35  Drone x3  
  120  13:36  Drone  
  124  13:54  Chitinous Plating  
  124  13:55  Ultralisk x2  
  136  13:56  Ultralisk  
  142  14:03  Ultralisk  
  127  14:29  Ultralisk  
  127  14:30  Zergling x2, Ultralisk  
  138  14:52  Drone x4  
  141  14:53  Drone  
  133  15:09  Queen, Evolution Chamber x2  
  127  15:14  Zergling x2  
  127  15:15  Zergling x24  
  118  15:43  Ultralisk  
  124  15:53  Hatchery  
  124  15:56  Extractor  
  122  15:58  Extractor  
  122  15:59  Hatchery  
  122  16:03  Zergling x4  
  79  16:42  Zergling x2  
  79  16:43  Zerg Melee Weapons Level 1  
  57  17:25  Drone  
  58  17:35  Drone  
  56  17:58  Zergling x2  
  56  17:59  Zergling x2  
  58  18:15  Drone  
  59  18:36  Drone  
  58  18:56  Baneling  
  58  18:57  Baneling x2  
  56  19:29  Zergling x6  
  59  19:50  Zergling x2  
  59  19:51  Zergling x4  
  58  20:06  Baneling  
  51  20:07  Baneling x2  
  51  20:08  Baneling  
  46  20:23  Drone  
  46  20:24  Drone  
  42  20:43  Zergling x4  
  35  21:17  Drone x2  
Tags
 
Add a new tag
Caveats
  • Supply blocks, unpowered buildings, or Contaminate may cause inaccurate times.
  • Supply counts are checked every 10 seconds.